 Dungeon Crawl Stone Soup version 0.22.1-2-g9c5b331383 (webtiles) character file.

5 Gargoyl the Skirmisher (level 1, -3/19 HPs)
             Began as a Centaur Abyssal Knight on Dec 22, 2018.
             Was a Follower of Lugonu.
             Slain by a freezing wraith (7 damage)
             ... on level 1 of the Abyss.
             The game lasted 00:01:03 (133 turns).

Gargoyl the Skirmisher (Centaur Abyssal Knight)      Turns: 133, Time: 00:01:03

Health: -3/19      AC:  6    Str: 18    XL:     1   Next: 66%
Magic:  2/2        EV:  9    Int: 11    God:    Lugonu [*.....]
Gold:   12         SH:  0    Dex:  8    Spells: 0/0 levels left

rFire    . . .     SeeInvis .   a - +1 hand axe
rCold    . . .     Gourm    .   (no shield)
rNeg     . . .     Faith    .   b - +0 leather armour
rPois    .         Spirit   .   (no helmet)
rElec    .         Reflect  .   (no cloak)
rCorr    .         Harm     .   (no gloves)
MR       .....     Rnd*Tele +   (no barding)
Stlth    ..........             (no amulet)
HPRegen  0.06/turn              (no ring)
MPRegen  0.08/turn              (no ring)

@: glowing, very quick
A: large, hooves 3, icy blue scales 1, deformed body, speed 2, strong 2,
teleportitis 1, tough skin 3
a: Depart the Abyss, Renounce Religion


You were on level 1 of the Abyss.
You worshipped Lugonu.
Lugonu was aware of your devotion.
You were not hungry.

You visited 0 branches of the dungeon, and saw 0 of its levels.
You visited the Abyss 1 time.

You collected 12 gold pieces.

Inventory:

Hand Weapons
 a - a +1 hand axe (weapon)
Armour
 b - a +0 leather armour (worn)
Comestibles
 c - a ration


   Skills:
 + Level 3.2 Fighting
 + Level 1.8 Axes
 + Level 1.4 Armour
 + Level 0.6 Dodging
 + Level 2.0 Invocations


You couldn't memorise any spells.
You didn't know any spells.
Your spell library was empty.

Dungeon Overview and Level Annotations

Branches:
Dungeon (0/15)

Altars:


Innate Abilities, Weirdness & Mutations

You have hooves in place of feet.
Armour fits poorly on your strangely shaped body.
You cover ground very quickly.
You have extremely tough skin. (AC +3)
You are partially covered in icy blue scales. (AC +2)
Your muscles are very strong. (Str +4)
You are occasionally teleported next to monsters.


Message History

Unknown command.
You barely miss the white imp.
You kick the white imp, but do no damage.
The white imp is lightly wounded.
The white imp barely misses you.
Unknown command.
You hit the white imp but do no damage. Your kick misses the white imp.
The white imp is lightly wounded.
The white imp gestures at you. The puff of frost hits you!
Unknown command.
You barely miss the white imp. You kick the white imp.
The white imp is moderately wounded.
The white imp hits you but does no damage.
Unknown command.
You barely miss the freezing wraith.
The ophan calls forth blessed flames!
Unknown command.
You barely miss the freezing wraith. The freezing wraith hits you!
You die...

### .# .# G.## ##
# .).#.##. .# .
..G .#.### ###..#
.##. # #.####%...#
#. ..##... ..#..#
. #G#.#..#.#.#W...
.#.##W5.....##..
..# ... #@##
.....#5 .#. . # ##
###.#...##...#.#..
.. #..#.#...
##..... .# . ##..#
.## # . .###. .#
###. . ...#.# .. .
.. ..# ..... .. .
. #.##.. #....#..
.. .


You could see an ophan, a freezing wraith and a white imp.

Vanquished Creatures
  An ufetubus (Abyss:1)
1 creature vanquished.

Notes
Turn   | Place    | Note
-------+----------+-------------------------------------------
     0 | Abyss:1  | Gargoyl the Centaur Abyssal Knight began the quest for the
                  | Orb.
     0 | Abyss:1  | Reached XP level 1. HP: 19/19 MP: 2/2
     6 | Abyss:1  | Gained mutation: You are occasionally teleported next to
                  | monsters. [potion of mutation]
     6 | Abyss:1  | Gained mutation: Your muscles are strong. (Str +2) [potion
                  | of mutation]
     6 | Abyss:1  | Gained mutation: You are partially covered in icy blue
                  | scales. (AC +2) [potion of mutation]
     6 | Abyss:1  | Gained mutation: Your muscles are very strong. (Str +4)
                  | [potion of mutation]
    33 | Abyss:1  | Found a sacrificial altar of Ru.
    71 | Abyss:1  | Found a corrupted altar of Lugonu.
   113 | Abyss:1  | Noticed a freezing wraith
   120 | Abyss:1  | Noticed an ophan
   133 | Abyss:1  | Slain by a freezing wraith

Action                   || total
-------------------------++-------
Melee: Hand axe          ||     9
       Kick              ||     2
  Use: Potion            ||     1
Armor: Leather armour    ||     7
Dodge: Dodged            ||     3
